 Dungeon Crawl Stone Soup version 0.23-a0-550-g7de1f8e (webtiles) character file.

130782 kr3s1m1r the Severer (level 16, -26/160 HPs)
             Began as a Minotaur Fighter on Dec 9, 2018.
             Was the Champion of Okawaru.
             Killed from afar by a nagaraja (37 damage)
             ... with a poison arrow
             ... on level 2 of the Snake Pit.
             The game lasted 00:53:20 (24393 turns).

kr3s1m1r the Severer (Minotaur Fighter)            Turns: 24393, Time: 00:53:20

Health: -26/160    AC: 27    Str: 18    XL:     16   Next: 53%
Magic:  20/20      EV:  9    Int: 18    God:    Okawaru [******]
Gold:   1613       SH: 18    Dex:  9    Spells: 15/15 levels left

rFire    . . .     SeeInvis +   g - +8 war axe of the Asp {flame, rN+ Str-4 Int+7 SInv}
rCold    . . .     Gourm    .   x - +0 large shield
rNeg     + + .     Faith    .   H - +7 chain mail of Magic {rN+ Str-5 Int+6}
rPois    .         Spirit   .   (helmet restricted)
rElec    .         Reflect  .   P - +1 cloak {MR+}
rCorr    +         Harm     .   (no gloves)
MR       ++...     Clarity  +   G - +0 pair of boots
Stlth    ..........             k - amulet of regeneration
HPRegen  0.76/turn              n - +3 ring of protection
MPRegen  0.17/turn              I - ring of resist corrosion

@: lethally poisoned (-26 -> -30), constricted
A: retaliatory headbutt, horns 2, repulsion field 1, clarity, clumsy 1, robust 1
a: Heroism, Finesse, Renounce Religion


You were on level 2 of the Snake Pit.
You worshipped Okawaru.
Okawaru was exalted by your worship.
You were not hungry.

You visited 4 branches of the dungeon, and saw 24 of its levels.

You collected 4030 gold pieces.
You spent 2417 gold pieces at shops.

Inventory:

Hand Weapons
 g - the +8 war axe of the Asp (weapon) {flame, rN+ Str-4 Int+7 SInv}
   (You found it on level 4 of the Dungeon)

   It has been specially enchanted to burn those struck by it, causing extra
   injury to most foes and up to half again as much damage against particularly
   susceptible opponents.
   Big, fiery blades are also staple armaments of hydra-hunters.
   It affects your strength (-4).
   It affects your intelligence (+7).
   It protects you from negative energy.
   It lets you see invisible.
 M - a +0 blowgun
 V - a +3 broad axe of chopping
Missiles
 y - 12 javelins (quivered)
 L - 56 poisoned needles
 N - 7 needles of confusion
Armour
 d - a +0 plate armour
 h - a scarf of spirit shield
 w - a +1 pair of gloves
 x - a +0 large shield (worn)
 G - a +0 pair of boots (worn)
 H - the +7 chain mail of Magic (worn) {rN+ Str-5 Int+6}
   (You acquired it on level 2 of the Orcish Mines)

   It affects your strength (-5).
   It affects your intelligence (+6).
   It protects you from negative energy.
 P - a +1 cloak of magic resistance (worn)
 X - the +0 pair of gloves of Summertime {rF+ MR- rCorr Str+4}
   (You acquired it on level 2 of the Orcish Mines)

   It affects your strength (+4).
   It protects you from fire.
   It affects your resistance to hostile enchantments.
   It provides partial protection from all sources of acid and corrosion.
Jewellery
 k - an amulet of regeneration (around neck)
 n - a +3 ring of protection (left hand)
 q - an uncursed ring of positive energy
 I - a ring of resist corrosion (right hand)
Wands
 p - a wand of iceblast (2)
 v - a wand of scattershot (13)
 z - a wand of paralysis (11)
 J - a wand of enslavement (14)
 Q - a wand of acid (17)
 S - a wand of clouds (4)
Scrolls
 b - 3 scrolls of fear
 c - 2 scrolls of summoning
 i - 2 scrolls of enchant weapon
 l - 2 scrolls of fog
 o - a scroll of magic mapping
 r - 6 scrolls of identify
 t - 3 scrolls of enchant armour
 u - 3 scrolls of teleportation
 C - 10 scrolls of remove curse
 D - 2 scrolls of holy word
 K - a scroll of amnesia
 Z - 2 scrolls of torment
Potions
 a - a potion of magic
 e - a potion of curing
 j - a potion of berserk rage
 m - 2 potions of brilliance
 s - 2 potions of haste
 A - 5 potions of agility
 E - 5 potions of lignification
 F - a potion of cancellation {unknown}
 T - a potion of might
 W - a potion of flight
 Y - a potion of invisibility
Miscellaneous
 B - a lamp of fire
Comestibles
 f - 33 rations


   Skills:
 + Level 14.0 Fighting
 * Level 18.5 Axes
 + Level 14.0 Armour
 + Level 12.6 Dodging
 + Level 14.0 Shields
 - Level 7.1 Invocations


You had 15 spell levels left.
You didn't know any spells.
Your spell library contained the following spells:

 Spells                   Type           Power        Failure   Level  Hunger
 Animate Skeleton         Necr           N/A          99%         1    ##.....
 Apportation              Tloc           #.....       99%         1    ##.....
 Confusing Touch          Hex            #.....       99%         1    ##.....
 Corona                   Hex            #......      99%         1    ##.....
 Magic Dart               Conj           #...         99%         1    ##.....
 Pain                     Necr           #...         99%         1    ##.....
 Shock                    Conj/Air       #...         99%         1    ##.....
 Summon Small Mammal      Summ           #...         99%         1    ##.....
 Blink                    Tloc           N/A          100%        2    ###....
 Call Imp                 Summ           #.......     100%        2    ###....
 Ensorcelled Hibernation  Hex/Ice        #.....       100%        2    ###....
 Searing Ray              Conj           #.....       100%        2    ###....
 Shroud of Golubria       Chrm/Tloc      #.........   100%        2    ###....
 Slow                     Hex            #.......     100%        2    ###....
 Swiftness                Chrm/Air       #.......     100%        2    ###....
 Confuse                  Hex            #.......     100%        3    ####...
 Conjure Flame            Conj/Fire      #.......     100%        3    ####...
 Dazzling Spray           Conj/Hex       #.....       100%        3    ####...
 Gell's Gravitas          Tloc           #.........   100%        3    ####...
 Inner Flame              Hex/Fire       #.......     100%        3    ####...
 Lesser Beckoning         Tloc           #.........   100%        3    ####...
 Mephitic Cloud           Conj/Pois/Air  #.......     100%        3    ####...
 Portal Projectile        Hex/Tloc       #.....       100%        3    ####...
 Regeneration             Chrm/Necr      #.........   100%        3    ####...
 Static Discharge         Conj/Air       #.......     100%        3    ####...
 Teleport Other           Tloc           #.......     100%        3    ####...
 Tukima's Dance           Hex            #.......     100%        3    ####...
 Vampiric Draining        Necr           #.........   100%        3    ####...
 Airstrike                Air            #.........   100%        4    #####..
 Animate Dead             Necr           N/A          100%        4    #####..
 Cause Fear               Hex            #.........   100%        4    #####..
 Force Lance              Conj/Tloc      #.......     100%        4    #####..
 Fulminant Prism          Conj/Hex       #.........   100%        4    #####..
 Iskenderun's Mystic Bla  Conj           #.......     100%        4    #####..
 Leda's Liquefaction      Hex/Erth       #.........   100%        4    #####..
 Passage of Golubria      Tloc           N/A          100%        4    #####..
 Petrify                  Tmut/Erth      #.......     100%        4    #####..
 Lightning Bolt           Conj/Air       #.........   100%        5    ######.
 Metabolic Englaciation   Hex/Ice        #.........   100%        5    ######.
 Yara's Violent Unravell  Hex/Tmut       #.........   100%        5    ######.


Dungeon Overview and Level Annotations

Branches:
Dungeon (14/15)            Temple (0/1) D:7            Lair (6/6) D:11
 Shoals (0/4) Lair:3        Snake (2/4) Lair:4        Slime (0/5) Lair:6
    Orc (2/2) D:9             Elf (0/3) Orc:2
 Vaults: D:13-14

Altars:
Cheibriados
Dithmenos
Gozag
Hepliaklqana
Kikubaaqudgha
Makhleb
Nemelex Xobeh
Okawaru
Qazlal
Ru
Trog
Uskayaw
Vehumet
Zin
Beogh
Jiyva

Shops:
D:5 =   D:10 }   Orc:2 (??}!   Snake:1 %

Annotations:
D:10 2 runed doors, galech's ghost, journeyman DsFi
D:11 exclusion: downstairs
D:12 exclusion: downstairs
D:13 1 runed door, Iseh's ghost, journeyman FoFi
D:14 Azrael
Lair:5 exclusion: oklob plant


Innate Abilities, Weirdness & Mutations

You reflexively headbutt those who attack you in melee.
You have a pair of horns on your head.
You are surrounded by a mild repulsion field. (EV +2)
You possess an exceptional clarity of mind.
You are clumsy. (Dex -2)
You are robust. (+10% HP)


Message History

The nagaraja constricts you. The nagaraja hits you with a +0 spear!
* * * LOW HITPOINT WARNING * * *
The nagaraja constricts you.
You slash the nagaraja! You burn the nagaraja.
Your headbutt misses the nagaraja.
The nagaraja is almost dead.
You feel sick. The nagaraja hits you with a +0 spear.
* * * LOW HITPOINT WARNING * * *
x2 The nagaraja constricts you.
You feel better.
The nagaraja hits you but does no damage.
* * * LOW HITPOINT WARNING * * *
The nagaraja constricts you.
You hit the nagaraja. You burn the nagaraja.
You headbutt the nagaraja, but do no damage.
The nagaraja is almost dead.
The nagaraja gestures at you while chanting.
The poison arrow hits you!
You are poisoned.
You die...

***** ##########
,,,,*****##........######
,,,,,,,,,...............#
,,,,,,,,,..............#*
,,,,,,,,,..............#
*****,,,,...#..N..))...#
******##....@))....#
##.....†......# ***
#............<#
,,*******#.........))..#
,,,,,,,,,..............##
,,,,,,,,,...............#
,,,,,,,,,...............#
******,,,....$..........#
**,,,*,,,...>...........#


You could see a nagaraja.

Vanquished Creatures
  Kirke (Lair:6)
  An orc warlord (Orc:1)
  Nessos (D:12)
  Harold (Orc:1)
  Erolcha (Orc:2)
  Fannar (Orc:1)
  3 hydras
  4 naga warriors
  A catoblepas (Lair:6)
  Erica (Orc:1)
  3 anacondas
  An ogre mage (Orc:2)
  8 two-headed ogres
  2 centaur warriors
  A deep troll shaman (Lair:6)
  A tengu warrior (D:13)
  7 naga sharpshooters
  2 shock serpents
  6 death yaks (Lair:6)
  Nergalle (Lair:2)
  2 salamander mystics (Snake:2)
  A naga ritualist (Snake:2)
  2 mana vipers (Snake:1)
  An oklob plant (Lair:1)
  An orc knight (Orc:2)
  12 salamanders
  3 ugly things
  2 cyclopes
  A deep elf mage (D:12)
  A manticore (D:12)
  10 orc sorcerers
  5 centaur zombies
  11 naga magi
  4 guardian serpents
  9 black mambas
  9 elephants
  7 spiny frogs
  The ghost of zard0z the Thaumaturge, a novice DEWz of Vehumet (D:6)
  A torpor snail (Lair:6)
  Joseph (D:7)
  7 rime drakes
  5 komodo dragons
  An efreet (D:11)
  A tengu conjurer (D:13)
  2 hellwings (D:7)
  4 polar bears
  2 hornets
  6 trolls
  10 slime creatures (D:12)
  2 meliai zombies
  14 blink frogs
  12 hippogriffs
  A snapping turtle (Lair:3)
  Sigmund (D:2)
  A vampire (D:10)
  3 fire bats (Lair:6)
  8 hogs
  A wraith (D:13)
  47 yaks
  6 basilisks
  A human (D:9)
  2 wyverns
  4 hungry ghosts
  2 vampire mosquitoes (D:10)
  A warg (Orc:2)
  28 nagas
  21 water moccasins
  19 orc warriors
  4 porcupines
  5 ice beasts
  An eye of draining (D:11)
  4 sky beasts
  A hornet zombie (D:7)
  2 phantoms
  2 black bears
  12 ogres
  12 wolves
  10 centaurs
  6 crocodiles
  2 big kobolds
  14 bullfrogs
  2 scorpions
  A water moccasin skeleton (D:5)
  13 killer bees
  3 wights (D:11)
  7 electric eels
  A howler monkey (D:11)
  4 crimson imps
  5 hounds
  A lava snake (Lair:6)
  A bullfrog zombie (D:7)
  12 orc priests
  4 bullfrog skeletons
  4 jellies
  6 centaur skeletons
  33 orc wizards
  An iguana (D:9)
  Natasha (D:1)
  2 hell rats (Lair:6)
  8 worker ants
  A killer bee zombie (D:7)
  2 hound zombies
  A hound skeleton (D:6)
  A howler monkey zombie (D:7)
  A worker ant zombie (D:6)
  A howler monkey skeleton (D:8)
  16 adders
  4 gnolls (D:2)
  10 river rats (Lair:6)
  9 shadow imps
  6 oozes
  3 worms
  6 leopard geckos
  73 orcs
  A ball python (D:3)
  7 giant cockroaches
  6 goblins
  5 hobgoblins
  14 jackals
  18 kobolds
  2 quokkas
  6 bats
  7 frilled lizards
  A leopard gecko skeleton (D:5)
  2 leopard gecko zombies
  A quokka skeleton (D:5)
  6 rats
  A fire vortex (Lair:6)
  A fungus (Lair:2)
  A plant (Lair:6)
740 creatures vanquished.

Vanquished Creatures (others)
  A naga (Snake:1)
  14 fungi (Lair:6)
  10 plants (Lair:6)
  3 withered plants (D:7)
28 creatures vanquished.

Grand Total: 768 creatures vanquished

Notes
Turn   | Place    | Note
-------+----------+-------------------------------------------
     0 | D:1      | kr3s1m1r the Minotaur Fighter began the quest for the Orb.
     0 | D:1      | Reached XP level 1. HP: 19/19 MP: 0/0
   139 | D:1      | Reached XP level 2. HP: 27/27 MP: 1/1
   674 | D:1      | Reached skill level 3 in Axes
   768 | D:2      | Noticed Natasha
   770 | D:2      | Noticed a crimson imp
   780 | D:1      | Killed Natasha
   780 | D:1      | Reached skill level 1 in Dodging
   780 | D:1      | Reached XP level 3. HP: 21/33 MP: 2/2
   806 | D:2      | Found an iron altar of Okawaru.
   815 | D:2      | Became a worshipper of Warmaster Okawaru
   890 | D:2      | Noticed Sigmund
   906 | D:2      | Killed Sigmund
   906 | D:2      | Reached * piety under Okawaru
   906 | D:2      | Reached skill level 4 in Axes
   906 | D:2      | Reached skill level 1 in Invocations
   906 | D:2      | Reached XP level 4. HP: 25/41 MP: 3/3
   906 | D:2      | Reached XP level 5. HP: 29/47 MP: 4/4
   988 | D:2      | Found a shadowy altar of Dithmenos.
  1094 | D:2      | Reached XP level 6. HP: 43/53 MP: 4/6
  1249 | D:2      | Found a hazy altar of Hepliaklqana.
  1268 | D:2      | Found a burning altar of Makhleb.
  1487 | D:2      | Found a sparkling altar of Nemelex Xobeh.
  1511 | D:2      | Reached skill level 5 in Axes
  1544 | D:2      | Found a snail-covered altar of Cheibriados.
  1809 | D:3      | Found a sacrificial altar of Ru.
  2313 | D:4      | Found a stormy altar of Qazlal.
  2346 | D:4      | Got a crude war axe
  2348 | D:4      | Identified the +8 war axe of the Asp {flame, rN+ Str-4
                  | Int+7 SInv} (You found it on level 4 of the Dungeon)
  2442 | D:4      | Reached ** piety under Okawaru
  2442 | D:4      | Reached skill level 5 in Armour
  2730 | D:4      | Reached XP level 7. HP: 58/60 MP: 7/7
  2828 | D:4      | Found a radiant altar of Vehumet.
  2863 | D:4      | Reached skill level 5 in Fighting
  2981 | D:5      | Entered Level 5 of the Dungeon
  2988 | D:5      | Reached skill level 5 in Shields
  3421 | D:5      | Found Voahiaqe's Jewellery Boutique.
  3429 | D:5      | Bought a cursed -2 ring of strength for 20 gold pieces
  3607 | D:5      | Reached skill level 6 in Axes
  3883 | D:6      | Reached XP level 8. HP: 55/69 MP: 9/9
  3894 | D:6      | Found a runed door.
  3894 | D:6      | Noticed a two-headed ogre
  3894 | D:6      | Noticed zard0z's ghost (novice DEWz)
  3956 | D:6      | Killed a two-headed ogre
  3956 | D:6      | Reached *** piety under Okawaru
  3956 | D:6      | Reached skill level 7 in Axes
  3964 | D:6      | Killed zard0z's ghost
  3964 | D:6      | Reached XP level 9. HP: 77/78 MP: 8/10
  4162 | D:6      | Found a glowing silver altar of Zin.
  4168 | D:6      | Reached **** piety under Okawaru
  4168 | D:6      | Reached skill level 8 in Axes
  4266 | D:6      | Reached skill level 5 in Dodging
  4553 | D:7      | Noticed Joseph
  4564 | D:7      | Killed Joseph
  4602 | D:7      | Found a staircase to the Ecumenical Temple.
  4678 | D:7      | Reached skill level 9 in Axes
  4684 | D:7      | Noticed a hellwing
  4689 | D:7      | Noticed a hellwing
  4695 | D:7      | Killed a hellwing
  4695 | D:7      | Reached ***** piety under Okawaru
  4715 | D:7      | Killed a hellwing
  4718 | D:7      | Reached skill level 5 in Invocations
  4718 | D:7      | Reached XP level 10. HP: 45/86 MP: 4/12
  4734 | D:7      | Received a gift from Okawaru
  4741 | D:7      | Reached skill level 10 in Axes
  4973 | D:7      | Found a sparkling altar of Nemelex Xobeh.
  5554 | D:8      | Reached skill level 11 in Axes
  5827 | D:8      | Found a bloodstained altar of Trog.
  5850 | D:8      | Found an opulent altar of Gozag.
  6959 | D:9      | Reached XP level 11. HP: 95/95 MP: 13/13
  7034 | D:9      | Received a gift from Okawaru
  7250 | D:9      | Found a staircase to the Orcish Mines.
  7522 | Orc:1    | Entered Level 1 of the Orcish Mines
  7522 | Orc:1    | Noticed Erica
  7534 | Orc:1    | Found a roughly hewn altar of Beogh.
  7539 | Orc:1    | Killed Erica
  7853 | D:9      | Found a hide-covered altar of Uskayaw.
  8323 | D:10     | Entered Level 10 of the Dungeon
  8356 | D:10     | Found a runed door.
  8356 | D:10     | Found a runed door.
  8368 | D:10     | Noticed a necromancer
  8368 | D:10     | Noticed a skeletal warrior
  8368 | D:10     | Noticed an ettin
  8369 | D:10     | Noticed a lich
  8369 | D:10     | Noticed a skeletal warrior
  8369 | D:10     | Noticed a glowing orange brain
  8369 | D:10     | Noticed a skeletal warrior
  8369 | D:10     | Noticed galech's ghost (journeyman DsFi)
  8405 | D:10     | Found Ucwumid's Gadget Shop.
  8510 | D:10     | Reached skill level 12 in Axes
  8666 | D:10     | Got an ichor-stained leather armour
  8687 | D:10     | Identified the cursed +0 leather armour "Juabax" {rElec
                  | Dex+4} (You found it on level 10 of the Dungeon)
  8933 | D:11     | Noticed a two-headed ogre
  9267 | D:11     | Killed a two-headed ogre
  9470 | D:11     | Noticed a two-headed ogre
  9470 | D:11     | Noticed a green ugly thing
  9478 | D:11     | Killed a two-headed ogre
  9478 | D:11     | Reached ****** piety under Okawaru
  9487 | D:11     | Killed a green ugly thing
  9492 | D:11     | Noticed a two-headed ogre
  9539 | D:11     | Killed a two-headed ogre
  9539 | D:11     | Reached skill level 10 in Fighting
  9539 | D:11     | Reached skill level 10 in Armour
  9539 | D:11     | Reached XP level 12. HP: 64/106 MP: 6/14
  9907 | D:11     | Found a staircase to the Lair.
  9951 | D:11     | Noticed a centaur warrior
  9961 | D:11     | Reached skill level 10 in Shields
  9964 | D:11     | Received a gift from Okawaru
  9964 | D:11     | Killed a centaur warrior
  9964 | D:11     | Reached skill level 13 in Axes
 10540 | Lair:1   | Entered Level 1 of the Lair of Beasts
 11831 | Lair:2   | Noticed Nergalle
 11831 | Lair:2   | Noticed a six-headed hydra
 11842 | Lair:2   | Killed a two-headed hydra
 11917 | Lair:2   | Killed Nergalle
 12146 | Lair:2   | Reached skill level 14 in Axes
 13085 | Lair:2   | Identified a scroll of acquirement
 13086 | Lair:2   | Got a dazzling cloak
 13097 | Lair:2   | Identified the +0 cloak of the First Snow {*Corrode +Inv
                  | rN+++ Int+4} (You acquired it on level 2 of the Lair of
                  | Beasts)
 13112 | Lair:2   | Gained mutation: You are clumsy. (Dex -2) [potion of
                  | mutation]
 13112 | Lair:2   | Gained mutation: You are robust. (+10% HP) [potion of
                  | mutation]
 13112 | Lair:2   | Gained mutation: You are surrounded by a mild repulsion
                  | field. (EV +2) [potion of mutation]
 13112 | Lair:2   | Gained mutation: You possess an exceptional clarity of
                  | mind. [potion of mutation]
 13226 | Lair:3   | Noticed a five-headed hydra
 13227 | Lair:3   | Received a gift from Okawaru
 13241 | Lair:3   | Killed a one-headed hydra
 13241 | Lair:3   | Reached XP level 13. HP: 101/127 MP: 15/15
 13344 | Lair:3   | Got an ancient arbalest {god gift}
 13351 | Lair:3   | Identified the +5 arbalest "Fisidig" {penet, *Slow rElec
                  | Int+2} (Okawaru gifted it to you on level 3 of the Lair of
                  | Beasts)
 13751 | Lair:3   | Found a staircase to the Shoals.
 14021 | Lair:4   | Found a staircase to the Snake Pit.
 14297 | Lair:4   | Reached skill level 10 in Dodging
 14300 | Lair:4   | You fall through a shaft for 2 floors!
 14300 | Lair:6   | Entered Level 6 of the Lair of Beasts
 14418 | Lair:6   | Noticed Kirke
 14426 | Lair:6   | Reached skill level 15 in Axes
 14472 | Lair:6   | HP: 5/127 [elephant (6)]
 14943 | Lair:6   | Received a gift from Okawaru
 15098 | Lair:6   | Noticed a sphinx
 15108 | Lair:6   | Killed Kirke
 15186 | Lair:5   | Received a gift from Okawaru
 16703 | Lair:6   | Reached XP level 14. HP: 138/138 MP: 17/17
 16912 | Lair:6   | Reached skill level 16 in Axes
 16912 | Lair:6   | Reached XP level 15. HP: 147/147 MP: 19/19
 16966 | Lair:6   | Received a gift from Okawaru
 17254 | Lair:6   | Found a runed door.
 17254 | Lair:6   | Found a viscous altar of Jiyva.
 17255 | Lair:6   | Found a staircase to the Slime Pits.
 17963 | D:12     | Noticed Nessos
 17991 | D:12     | Killed Nessos
 18501 | D:14     | Noticed Azrael
 18853 | D:13     | Noticed Iseh's ghost (journeyman FoFi)
 18856 | D:13     | Found a runed door.
 18939 | D:13     | Found a sacrificial altar of Ru.
 19113 | D:13     | Reached skill level 17 in Axes
 19461 | Orc:1    | You fall through a shaft!
 19461 | Orc:2    | Entered Level 2 of the Orcish Mines
 19513 | Orc:2    | Found a staircase to the Elven Halls.
 19561 | Orc:2    | Found Gaz Ter's Magic Scroll Shop.
 19629 | Orc:2    | Bought 2 scrolls of acquirement for 1248 gold pieces
 19633 | Orc:2    | Bought a scroll of acquirement for 624 gold pieces
 19641 | Orc:2    | Got a pair of translucent gloves
 19652 | Orc:2    | Identified the +0 pair of gloves of Summertime {rF+ MR-
                  | rCorr Str+4} (You acquired it on level 2 of the Orcish
                  | Mines)
 19681 | Orc:2    | Found a roughly hewn altar of Beogh.
 19856 | Orc:1    | Noticed an orc warlord
 19867 | Orc:1    | Noticed Fannar
 19880 | Orc:1    | Killed an orc warlord
 19880 | Orc:1    | Received a gift from Okawaru
 19885 | Orc:1    | Killed Fannar
 19892 | Orc:1    | Got a faintly glowing ring mail {god gift}
 19910 | Orc:1    | Identified the +1 ring mail of Elitism {rN++ Regen+ Dex-5
                  | SInv} (Okawaru gifted it to you on level 1 of the Orcish
                  | Mines)
 19958 | Orc:1    | Noticed Harold
 19981 | Orc:1    | Killed Harold
 20175 | Orc:1    | Found a roughly hewn altar of Beogh.
 20500 | Orc:2    | Found Laitara's Antique Weapon Shoppe.
 20521 | Orc:2    | Found a radiant altar of Vehumet.
 20521 | Orc:2    | Noticed Erolcha
 20533 | Orc:2    | Killed Erolcha
 20543 | Orc:2    | Found Mihelaep's Magic Scroll Shoppe.
 20561 | Orc:2    | Bought a scroll of enchant weapon for 82 gold pieces
 20561 | Orc:2    | Bought a scroll of torment for 82 gold pieces
 20561 | Orc:2    | Bought a scroll of teleportation for 33 gold pieces
 20561 | Orc:2    | Bought a scroll of fog for 22 gold pieces
 20561 | Orc:2    | Bought a scroll of teleportation for 33 gold pieces
 20563 | Orc:2    | Found an ancient bone altar of Kikubaaqudgha.
 20661 | Orc:2    | Found a roughly hewn altar of Beogh.
 20661 | Orc:2    | Found Tuliluic's Gadget Shoppe.
 20671 | Orc:2    | Found Fydoen's Distillery.
 20683 | Orc:2    | Paralysed by an orc sorcerer for 5 turns
 20874 | Orc:2    | Paralysed by an orc sorcerer for 5 turns
 20964 | Orc:2    | Bought a potion of flight for 39 gold pieces
 20964 | Orc:2    | Bought a potion of invisibility for 104 gold pieces
 20964 | Orc:2    | Bought a potion of haste for 130 gold pieces
 20967 | Orc:2    | Got a fine chain mail
 20978 | Orc:2    | Identified the +7 chain mail of Magic {rN+ Str-5 Int+6}
                  | (You acquired it on level 2 of the Orcish Mines)
 21340 | Snake:1  | Entered Level 1 of the Snake Pit
 21541 | Snake:1  | You fall through a shaft!
 21622 | Snake:1  | Reached XP level 16. HP: 144/158 MP: 20/20
 21644 | Snake:1  | Found Yxuhu's Food Boutique.
 22453 | Snake:1  | Reached skill level 18 in Axes
 22939 | Snake:2  | Paralysed by a salamander for 6 turns
 23186 | Snake:2  | Received a gift from Okawaru
 24382 | Snake:2  | HP: 8/160 [nagaraja/+0 spear (2)]
 24391 | Snake:2  | HP: 8/160 [nagaraja/+0 spear (1)]
 24393 | Snake:2  | Killed from afar by a nagaraja

Vault maps used:
D:1:      minmay_arrival_up_and_down
D:2:      grunt_dithmenos_smoke, old_standard_altar,
          nicolae_overflow_hidden_temple, nicolae_overflow_crystal_walls,
          marbit_many_paths, first_ration, grunt_ministairs_15,
          hangedman_decor_clover_reticule, nemelex_lonely_heart_becter,
          uniq_sigmund, uniq_natasha
D:3:      old_standard_altar, kennysheep_big_empty_room, minmay_ruptured
D:4:      lemuel_round_altar, grunt_qazlal_sundering
D:5:      serial_shops, shop, chequers_garden
D:6:      lemuel_round_altar, ebering_ghost_inner_flame
D:7:      cheibrodos_grave_circle, nemelex_altar_shiori,
          minmay_temple_entry_statues_pillars, uniq_joseph
D:8:      bloody_trog, lemuel_round_altar, eino_jars
D:9:      eat_drink_and_be_merry_uskayaw, erik_orc_2, grunt_livestock,
          moated_statue
D:10:     serial_shops, nicolae_shop_waterfront, muffindrake_ghost_dual_entry,
          kennysheep_generic_room_6
D:11:     lair_entry_dummy
D:12:     uniq_nessos
D:13:     basic_altar, hellmonk_ghost_happy_afterlife
D:14:     david_vaults_2, nicolae_ru_awakened_eye, uniq_azrael, uniq_josephine
Lair:1:   chequers_serial_rivers_micro_c, dpeg_stationary_puzzle,
          grunt_megastairs_1
Lair:2:   serial_rivers, chequers_serial_rivers_large_a,
          chequers_serial_rivers_small_a, chequers_serial_rivers_small_a,
          chequers_serial_rivers_micro_c, uniq_nergalle
Lair:3:   minmay_shoals_entry_hut, minivault_25
Lair:4:   dummy_snake_entry
Lair:5:   minmay_lair_oklob_bushes, grunt_megastairs_5,
          infiniplex_staircase_pool_2, serial_bayou_shore_a
Lair:6:   grunt_lair_end_beastmaster, slime_altar_2, kennysheep_rathole,
          uniq_kirke
Snake:1:  serial_shops, shop_statue
Snake:2:  nrook_guardian_serpent_snake_passage, basic_altar,
          nicolae_snake_horde_hoard, grunt_megastairs_3
Orc:1:    basic_altar, mines2_david, uniq_erica, uniq_fannar, uniq_harold
Orc:2:    kennysheep_orc_mage_school, serial_shops,
          nicolae_shop_competitors_out_of_business, basic_altar

Skill      XL: |  1  2  3  4  5  6  7  8  9 10 11 12 13 14 15 16 |
---------------+-------------------------------------------------+-----
Axes           | 3 4 5 6 7 9 11 12 14 15 16 17 18 | 18.5
Fighting       | 4 5 6 7 8 10 11 12 13 14 | 14.0
Armour         | 4 5 6 7 8 10 11 12 13 14 | 14.0
Dodging        | 1 2 3 4 5 7 8 9 10 11 12 | 12.6
Shields        | 4 5 6 7 8 9 11 12 13 14 | 14.0
Invocations    | 1 2 3 5 6 7 |  7.1

Action                   |  1- 3 |  4- 6 |  7- 9 | 10-12 | 13-15 | 16-18 || total
-------------------------+-------+-------+-------+-------+-------+-------++-------
Melee: War axe           |    84 |   123 |   161 |   612 |   795 |   314 ||  2089
       Headbutt          |     1 |    20 |    22 |   113 |   126 |    49 ||   331
       Unarmed           |       |       |       |       |     6 |       ||     6
 Fire: Blowgun           |       |       |       |    13 |       |       ||    13
Throw: Javelin           |       |       |       |     3 |       |       ||     3
Invok: Heroism           |       |       |     3 |     3 |     3 |     3 ||    12
       Finesse           |       |       |     1 |     1 |     1 |     1 ||     4
Evoke: Wand              |       |       |       |       |     4 |     1 ||     5
  Use: Scroll            |       |       |    13 |    12 |    21 |     2 ||    48
       Potion            |       |       |       |     5 |     8 |    11 ||    24
 Stab: Confused          |       |       |       |       |     1 |       ||     1
  Eat: Chunk             |       |     6 |     6 |    28 |    26 |     4 ||    70
       Ration            |       |       |       |     1 |       |     2 ||     3
Armor: Scale mail        |    43 |    48 |    25 |       |       |       ||   116
       Plate armour      |       |       |    44 |   264 |   273 |       ||   581
       Chain mail        |       |       |       |       |    15 |   132 ||   147
Dodge: Dodged            |    26 |    32 |    46 |   156 |   202 |    84 ||   546
Block: Shield            |    71 |    59 |    63 |   247 |       |       ||   440
       Large shield      |       |       |       |    79 |   691 |   314 ||  1084

Table legend:
 A = Non-vault XP
 B = Vault XP
 C = Vault XP percentage of total XP
 D = Non-vault monster count
 E = Vault monster count
 F = Vault count percentage of total count
                 A         B        C        D         E       F
            +---------+---------+-------+---------+---------+-------
      Total |  108898 |   38253 |  26.0 |     587 |     151 |  20.5
            +---------+---------+-------+---------+---------+-------
        D:1 |      35 |      33 |  48.5 |      17 |       1 |   5.6
        D:2 |     267 |     231 |  46.4 |      28 |       4 |  12.5
        D:3 |      48 |      11 |  18.6 |      15 |       3 |  16.7
        D:4 |     167 |       0 |   0.0 |       6 |       0 |   0.0
        D:5 |     512 |       0 |   0.0 |      27 |       0 |   0.0
        D:6 |    1037 |    1339 |  56.4 |      21 |       2 |   8.7
        D:7 |     820 |    3765 |  82.1 |      15 |      15 |  50.0
        D:8 |    1739 |     435 |  20.0 |      28 |       7 |  20.0
        D:9 |    1034 |    2229 |  68.3 |      32 |      26 |  44.8
       D:10 |    1780 |       0 |   0.0 |      18 |       0 |   0.0
       D:11 |    7699 |       0 |   0.0 |      37 |       0 |   0.0
       D:12 |    6220 |    1372 |  18.1 |      28 |       1 |   3.4
       D:13 |    5796 |    1832 |  24.0 |      18 |       2 |  10.0
       D:14 |      34 |       0 |   0.0 |       1 |       0 |   0.0
     Lair:1 |    2404 |     876 |  26.7 |      10 |       2 |  16.7
     Lair:2 |    5771 |     824 |  12.5 |      28 |       1 |   3.4
     Lair:3 |    5399 |     253 |   4.5 |      25 |       1 |   3.8
     Lair:4 |    4191 |       0 |   0.0 |      19 |       0 |   0.0
     Lair:5 |    4934 |     700 |  12.4 |      15 |       2 |  11.8
     Lair:6 |   13481 |   13376 |  49.8 |      61 |      39 |  39.0
    Snake:1 |   18255 |       0 |   0.0 |      44 |       0 |   0.0
    Snake:2 |   19677 |     848 |   4.1 |      39 |       2 |   4.9
      Orc:1 |    3724 |    2951 |  44.2 |      26 |       9 |  25.7
      Orc:2 |    3874 |    7178 |  64.9 |      29 |      34 |  54.0
            +---------+---------+-------+---------+---------+-------
